 Dungeon Crawl Stone Soup version 0.28.0-53-g5a82cb258f (webtiles) character file.

Game seed: 9182328767684127053

356 moldycheese5 the Ruffian (level 6, 0/47 HPs)
             Began as a Demonspawn Abyssal Knight on June 17, 2022.
             Was a Believer of Lugonu.
             Slain by Dowan
             ... wielding a +0 dagger
              (2 damage)
             ... on level 4 of the Dungeon.
             The game lasted 00:06:23 (5082 turns).

moldycheese5 the Ruffian (DsAK)                     Turns: 5082, Time: 00:06:24

Health: 0/47       AC: 16    Str: 15    XL:     6   Next: 36%
Magic:  7/7        EV:  5    Int: 13    God:    Lugonu [**....]
Gold:   121        SH:  0    Dex: 14    Spells: 5/5 levels left

rFire   . . .      SeeInvis .     - Unarmed
rCold   . . .      Faith    .   (no shield)
rNeg    . . .      Spirit   .   r - +0 plate armour
rPois   .          Reflect  .   i - +2 hat
rElec   .          Harm     .   (no cloak)
rCorr   .          Rampage  .   (no gloves)
Will    .....                   t - +2 pair of boots
Stlth   ..........              (no amulet)
HPRegen 0.15/turn               (no ring)
MPRegen 0.10/turn               (no ring)

@: no status effects
A: ignite blood 2, big brain 1, weakness stinger 1
a: Renounce Religion, Depart the Abyss, Bend Space


You were on level 4 of the Dungeon.
You worshipped Lugonu.
Lugonu was pleased with you.
You visited 1 branch of the dungeon, and saw 4 of its levels.
You visited the Abyss 1 time.

You collected 121 gold pieces.

Inventory:

Armour
 a - a +0 leather armour
 h - a +0 scale mail
 i - a +2 hat (worn)
 r - a +0 plate armour (worn)
 t - a +2 pair of boots (worn)
Jewellery
 b - a ring of positive energy
Wands
 s - a wand of paralysis (7)
Scrolls
 d - a scroll of identify {unknown}
 e - a scroll of teleportation {unknown}
 g - a scroll of fear {unknown}
 j - a scroll of immolation {unknown}
 k - a scroll of noise {unknown}
 n - a scroll of enchant armour {unknown}
 o - a scroll of summoning {unknown}
 p - a scroll of vulnerability {unknown}
Potions
 c - a potion of berserk rage {unknown}
 f - 2 potions of lignification {unknown}
 l - a potion of heal wounds {unknown}
 m - a potion of resistance {unknown}
 q - a potion of haste {unknown}
 u - a potion of ambrosia {unknown}
 v - a potion of flight {unknown}


   Skills:
 + Level 3.5 Fighting
 + Level 3.7 Armour
 + Level 2.1 Dodging
 + Level 0.5 Stealth
 + Level 4.2 Unarmed Combat
 + Level 2.4 Invocations


You had 5 spell levels left.
You didn't know any spells.
Your spell library was empty.

Dungeon Overview and Level Annotations

Branches:
Dungeon (4/15)
 Temple: D:4-7

Altars:

Annotations:
D:4 Dowan, Duvessa


Innate Abilities, Weirdness & Mutations

Your demonic aura often causes spilled blood to erupt in flames.
You have an unusually large brain. (Int +2)
You have a small tail.


Message History

Dowan gestures wildly while chanting.
Dowan blinks!
You see here a staff of poison.
You barely miss Duvessa.
You tail-slap Duvessa, but do no damage.
Duvessa is lightly wounded.
Duvessa hits you with a +0 short sword.
* * * LOW HITPOINT WARNING * * *
You hit Duvessa but do no damage.
Duvessa is lightly wounded.
Duvessa hits you but does no damage.
You hit Duvessa.
Your tail-slap misses Duvessa.
Duvessa is moderately wounded.
Duvessa completely misses you.
You closely miss Duvessa.
Duvessa is moderately wounded.
Dowan hits you but does no damage. Duvessa hits you with a +0 short sword.
* * * LOW HITPOINT WARNING * * *
You hit Duvessa but do no damage.
Your tail-slap misses Duvessa.
Duvessa is moderately wounded.
Dowan hits you but does no damage. Duvessa hits you but does no damage.
You barely miss Duvessa.
Your tail-slap misses Duvessa.
Duvessa is moderately wounded.
Dowan points at you and mumbles some strange words.
The puff of flame hits you but does no damage.
Duvessa hits you but does no damage.
You hit Duvessa.
You tail-slap Duvessa, but do no damage.
Duvessa is moderately wounded.
Dowan hits you but does no damage. Duvessa hits you with a +0 short sword.
* * * LOW HITPOINT WARNING * * *
You hit Duvessa but do no damage.
You tail-slap Duvessa, but do no damage.
Duvessa is moderately wounded.
Dowan gestures at Duvessa while chanting.
Duvessa seems to speed up.
Duvessa hits you but does no damage.
You hit Duvessa.
Duvessa is moderately wounded.
Duvessa hits you but does no damage. Dowan hits you with a +0 dagger.
You die...

#..# ##....# #.## #....## ...#
##....# ...## #....## ....##
#####....# .....# ##..##....##
.....## #....#.....# ......##
##.....#....## .......#
#....@e.|....# #......##
#......e......##
##......###..............##
##......#................# #
##......................#
#####.............##..........#
.(####.........#####.........##
....##.......## ##.......##
##....#.......# #......##


You could see Duvessa (fast) and Dowan.

Vanquished Creatures
  Eustachio (D:4)
  A howler monkey (D:2)
  A hound (D:4)
  An orc priest (D:3)
  An orc wizard (D:3)
  Robin (D:4)
  2 worms
  A dart slug (D:1)
  5 orcs (D:3)
  6 bats
  3 endoplasms (D:3)
  3 giant cockroaches (D:1)
  13 goblins
  12 hobgoblins
  A quokka (D:1)
  8 ball pythons
  3 frilled lizards
  7 kobolds
  5 rats
75 creatures vanquished.

Notes
Turn   | Place    | Note
-------+----------+-------------------------------------------
     0 | Abyss:1  | moldycheese5 the Demonspawn Abyssal Knight began the quest
                  | for the Orb.
     0 | Abyss:1  | Reached XP level 1. HP: 18/18 MP: 2/2
     0 | D:1      | Escaped the Abyss
    70 | D:1      | Reached skill level 1 in Dodging
   302 | D:1      | Reached * piety under Lugonu
   317 | D:1      | Gained mutation: You have an unusually large brain. (Int
                  | +2) [demonic ancestry]
   317 | D:1      | Reached XP level 2. HP: 11/24 MP: 3/3
   501 | D:1      | Found a faded altar of an unknown god.
   845 | D:1      | Reached skill level 2 in Unarmed Combat
  1569 | D:1      | Reached XP level 3. HP: 29/29 MP: 4/4
  2108 | D:2      | Gained mutation: You have a small tail. [demonic ancestry]
  2108 | D:2      | Reached XP level 4. HP: 19/35 MP: 5/5
  2926 | D:3      | Reached skill level 3 in Unarmed Combat
  2969 | D:3      | Reached ** piety under Lugonu
  3032 | D:3      | Gained mutation: Your demonic aura sometimes causes spilled
                  | blood to erupt in flames. [demonic ancestry]
  3032 | D:3      | Reached XP level 5. HP: 4/41 MP: 6/6
  3852 | D:4      | Noticed Robin
  3862 | D:4      | Killed Robin
  4151 | D:4      | Noticed Eustachio
  4480 | D:4      | HP: 2/41 [shadow imp[Eustachio] (5)]
  4807 | D:4      | Killed Eustachio
  4808 | D:4      | Reached skill level 4 in Unarmed Combat
  4808 | D:4      | Gained mutation: Your demonic aura often causes spilled
                  | blood to erupt in flames. [demonic ancestry]
  4808 | D:4      | Reached XP level 6. HP: 27/47 MP: 7/7
  5048 | D:4      | Noticed Duvessa
  5048 | D:4      | Noticed Dowan
  5080 | D:4      | HP: 2/47 [Duvessa/+0 short sword (4)]
  5082 | D:4      | Slain by Dowan

Illustrated notes

Levels and vault maps discovered:
D:1:      wander_arrival_peaceful_grave, layout_basic,
          hellmonk_ecumenical_altar_heavens_door
D:2:      layout_basic
D:3:      layout_loops_ring, serial_glass, glass_columns_b, glass_columns_a
D:4:      layout_cave_pods, uniq_eustachio, uniq_duvessa, uniq_robin

Skill      XL: |  1  2  3  4  5  6 |
---------------+-------------------+-----
Dodging        | 1 2 |  2.1
Unarmed Combat | 2 3 4 |  4.2
Armour         | 2 3 |  3.7
Fighting       | |  3.5
Stealth        | |  0.5
Invocations    | |  2.4

Action                   |  1- 3 |  4- 6 || total
-------------------------+-------+-------++-------
Melee: Unarmed           |   156 |   292 ||   448
       Punch             |     4 |     9 ||    13
       Tailslap          |       |    49 ||    49
Invok: Depart the Abyss  |     1 |       ||     1
Armor: Leather armour    |    44 |       ||    44
       Scale mail        |    14 |    15 ||    29
       Plate armour      |       |   301 ||   301
Dodge: Dodged            |   109 |    67 ||   176
